[ AOE2 MATCH · #495874749 ]
UnrankedMongols vs Mapuche
Player's team · LOSS
Rival team · WIN
[ REPLAY ANALYSIS · EXTRACTED FROM THE RECORDED GAME ]
Feudal
10:32
Castle
14:07
Imperial
28:09
| APM avg | 48.4 |
| APM peak | 92 |
| eAPM avg | 31.0 |
| Villagers / military | 225 / 260 |
Focus
⚔️ 27.1% · 🌾 72.9%
Scout Cavalry ×134 · Camel Scout ×57 · Scorpion ×56 · Trebuchet (Packed) ×8 · Battering Ram ×3 · Monk ×2
Feudal
10:57
Castle
15:11
Imperial
30:06
| APM avg | 39.2 |
| APM peak | 69 |
| eAPM avg | 25.3 |
| Villagers / military | 162 / 131 |
Focus
⚔️ 22.8% · 🌾 77.2%
Kona ×78 · Bolas Rider ×24 · Mangonel ×9 · Skirmisher ×8 · Trebuchet (Packed) ×6 · Petard ×4
Match map
Initial resources + every placement click. Lines = walls · curves = elevation contours. ◆ gold · ⬟ stone · ● berries · ✦ relic · ◌ wall gap
Your base· ✓ Closed at 14:07 · 0t walls · 2 gate(s)
birdie196's base· ✓ Closed at 15:11 · 1t walls · 3 gate(s)
Smoothed initial terrain · ◌ = detected wall gap · hover for details
Inputs per minute
— random_aoe_user - - birdie196
Build order — random_aoe_user
First 150 of 619 actions detected
| 0:00 | Queue | Villager (Male) |
| 0:00 | Queue | Villager (Male) |
| 0:00 | Queue | Villager (Male) |
| 0:00 | Queue | Villager (Male) |
| 0:00 | Queue | Villager (Male) |
| 0:02 | Build | House |
| 0:04 | Build | House |
| 1:26 | Queue | Villager (Male) |
| 1:26 | Queue | Villager (Male) |
| 1:26 | Queue | Villager (Male) |
| 1:26 | Queue | Villager (Male) |
| 1:45 | Build | Lumber Camp |
| 1:58 | Queue | Villager (Male) |
| 1:58 | Queue | Villager (Male) |
| 1:58 | Queue | Villager (Male) |
| 1:58 | Queue | Villager (Male) |
| 1:58 | Queue | Villager (Male) |
| 1:58 | Queue | Villager (Male) |
| 2:15 | Queue | Villager (Male) |
| 2:15 | Queue | Villager (Male) |
| 2:15 | Queue | Villager (Male) |
| 2:15 | Queue | Villager (Male) |
| 2:16 | Queue | Villager (Male) |
| 2:16 | Queue | Villager (Male) |
| 2:47 | Queue | Villager (Male) |
| 2:47 | Queue | Villager (Male) |
| 2:47 | Queue | Villager (Male) |
| 2:47 | Queue | Villager (Male) |
| 3:03 | Build | House |
| 3:07 | Queue | Villager (Male) |
| 3:07 | Queue | Villager (Male) |
| 3:07 | Queue | Villager (Male) |
| 3:07 | Queue | Villager (Male) |
| 3:07 | Queue | Villager (Male) |
| 3:07 | Queue | Villager (Male) |
| 3:07 | Queue | Villager (Male) |
| 3:07 | Queue | Villager (Male) |
| 3:23 | Queue | Villager (Male) |
| 3:23 | Queue | Villager (Male) |
| 3:23 | Queue | Villager (Male) |
| 4:02 | Build | Mill |
| 4:07 | Queue | Villager (Male) |
| 4:07 | Queue | Villager (Male) |
| 4:07 | Queue | Villager (Male) |
| 4:07 | Queue | Villager (Male) |
| 4:30 | Queue | Villager (Male) |
| 4:51 | Queue | Villager (Male) |
| 4:51 | Queue | Villager (Male) |
| 4:51 | Queue | Villager (Male) |
| 4:51 | Queue | Villager (Male) |
| 5:15 | Queue | Villager (Male) |
| 5:16 | Queue | Villager (Male) |
| 5:16 | Queue | Villager (Male) |
| 5:39 | Queue | Villager (Male) |
| 5:39 | Queue | Villager (Male) |
| 5:39 | Queue | Villager (Male) |
| 5:39 | Queue | Villager (Male) |
| 5:42 | Build | House |
| 6:21 | Build | Lumber Camp |
| 6:45 | Build | House |
| 7:07 | Build | Farm |
| 7:22 | Queue | Villager (Male) |
| 7:30 | Queue | Villager (Male) |
| 7:34 | Build | Mining Camp |
| 7:56 | Build | Farm |
| 8:22 | Research | Feudal Age |
| 8:47 | Queue | Villager (Male) |
| 8:47 | Queue | Villager (Male) |
| 8:59 | Build | Farm |
| 10:32 | Age | Feudal Age |
| 10:40 | Build | Market |
| 10:43 | Build | Blacksmith |
| 11:27 | Research | Castle Age |
| 12:09 | Research | Double-Bit Axe |
| 12:19 | Build | House |
| 12:21 | Build | House |
| 12:26 | Research | Horse Collar |
| 12:47 | Build | House |
| 13:03 | Queue | Villager (Male) |
| 13:04 | Queue | Villager (Male) |
| 13:21 | Build | House |
| 13:59 | Build | Farm |
| 14:00 | Build | Farm |
| 14:04 | Build | Farm |
| 14:07 | Age | Castle Age |
| 14:14 | Build | Town Center |
| 14:24 | Build | Town Center |
| 14:25 | Queue | Villager (Male) |
| 14:27 | Queue | Villager (Male) |
| 14:50 | Build | Farm |
| 15:00 | Build | Farm |
| 15:15 | Build | Farm |
| 15:17 | Queue | Villager (Male) |
| 15:31 | Queue | Villager (Male) |
| 15:34 | Build | Farm |
| 15:37 | Build | Farm |
| 15:50 | Queue | Villager (Male) |
| 15:54 | Build | Farm |
| 16:09 | Build | Farm |
| 16:11 | Queue | Villager (Male) |
| 16:12 | Queue | Villager (Male) |
| 16:19 | Build | Farm |
| 16:20 | Queue | Villager (Male) |
| 16:22 | Queue | Villager (Male) |
| 16:39 | Build | Farm |
| 16:47 | Build | Farm |
| 16:48 | Queue | Villager (Male) |
| 16:55 | Queue | Villager (Male) |
| 16:56 | Queue | Villager (Male) |
| 16:59 | Build | Farm |
| 17:01 | Build | Farm |
| 17:05 | Queue | Villager (Male) |
| 17:08 | Build | Farm |
| 17:11 | Queue | Villager (Male) |
| 17:19 | Build | Farm |
| 17:25 | Build | Farm |
| 17:32 | Queue | Villager (Male) |
| 17:36 | Build | Farm |
| 17:37 | Queue | Villager (Male) |
| 17:42 | Build | Farm |
| 17:49 | Build | Farm |
| 17:51 | Queue | Villager (Male) |
| 17:54 | Queue | Villager (Male) |
| 17:55 | Queue | Villager (Male) |
| 18:01 | Build | Farm |
| 18:02 | Queue | Villager (Male) |
| 18:11 | Build | Farm |
| 18:16 | Queue | Villager (Male) |
| 18:19 | Build | Farm |
| 18:25 | Queue | Villager (Male) |
| 18:42 | Research | Bow Saw |
| 18:42 | Research | Bow Saw |
| 18:46 | Build | Farm |
| 18:49 | Build | Farm |
| 18:50 | Queue | Villager (Male) |
| 18:52 | Build | Farm |
| 18:53 | Queue | Villager (Male) |
| 19:00 | Queue | Villager (Male) |
| 19:00 | Queue | Villager (Male) |
| 19:00 | Queue | Villager (Male) |
| 19:00 | Queue | Villager (Male) |
| 19:10 | Queue | Villager (Male) |
| 19:10 | Queue | Villager (Male) |
| 19:10 | Queue | Villager (Male) |
| 19:10 | Queue | Villager (Male) |
| 19:11 | Queue | Villager (Male) |
| 19:23 | Build | Town Center |
| 19:25 | Queue | Villager (Male) |
| 19:25 | Queue | Villager (Male) |
| 19:25 | Queue | Villager (Male) |
Build order — birdie196
First 150 of 376 actions detected
| 0:00 | Queue | Villager (Male) ×4 |
| 0:02 | Build | House |
| 0:04 | Build | House |
| 1:35 | Queue | Villager (Male) |
| 1:47 | Build | Settlement |
| 2:04 | Queue | Villager (Male) |
| 2:21 | Queue | Villager (Male) |
| 2:48 | Queue | Villager (Male) |
| 3:15 | Queue | Villager (Male) |
| 3:33 | Queue | Villager (Male) |
| 3:44 | Queue | Villager (Male) |
| 4:13 | Build | Settlement |
| 4:25 | Queue | Villager (Male) |
| 4:59 | Queue | Villager (Male) |
| 5:11 | Queue | Villager (Male) |
| 5:28 | Queue | Villager (Male) |
| 5:39 | Build | Settlement |
| 5:47 | Queue | Villager (Male) |
| 5:57 | Queue | Villager (Male) |
| 6:59 | Queue | Villager (Male) |
| 6:59 | Queue | Villager (Male) |
| 7:46 | Queue | Villager (Male) |
| 7:59 | Queue | Villager (Male) |
| 8:37 | Research | Feudal Age |
| 9:19 | Build | Farm |
| 9:24 | Build | Farm |
| 10:04 | Build | House |
| 10:37 | Queue | Villager (Male) |
| 10:57 | Age | Feudal Age |
| 11:04 | Queue | Villager (Male) |
| 11:10 | Build | Blacksmith |
| 11:22 | Build | Market |
| 11:31 | Build | Farm |
| 11:34 | Build | Farm |
| 11:36 | Build | Farm |
| 11:52 | Build | Palisade Wall |
| 11:55 | Queue | Villager (Male) |
| 12:31 | Research | Castle Age |
| 12:36 | Build | Farm |
| 13:21 | Research | Double-Bit Axe |
| 13:24 | Build | Farm |
| 13:26 | Build | Farm |
| 14:05 | Research | Horse Collar |
| 15:11 | Age | Castle Age |
| 15:13 | Build | Town Center |
| 15:13 | Queue | Villager (Male) |
| 15:19 | Build | Town Center |
| 15:27 | Queue | Villager (Male) |
| 15:29 | Research | Bow Saw |
| 15:33 | Research | Heavy Plow |
| 16:07 | Queue | Villager (Male) |
| 16:08 | Queue | Villager (Male) |
| 16:13 | Queue | Villager (Male) |
| 16:18 | Queue | Villager (Male) |
| 16:26 | Queue | Villager (Male) |
| 16:29 | Build | Farm |
| 16:30 | Build | Farm |
| 16:35 | Queue | Villager (Male) |
| 16:43 | Queue | Villager (Male) |
| 16:46 | Build | Farm |
| 16:47 | Build | Farm |
| 16:48 | Build | Farm |
| 16:50 | Queue | Villager (Male) |
| 16:53 | Queue | Villager (Male) |
| 16:56 | Build | Farm |
| 17:00 | Build | Farm |
| 17:01 | Queue | Villager (Male) |
| 17:20 | Queue | Villager (Male) |
| 17:30 | Build | Farm |
| 17:36 | Queue | Villager (Male) |
| 17:40 | Build | Farm |
| 17:43 | Build | Farm |
| 17:45 | Queue | Villager (Male) |
| 17:56 | Queue | Villager (Male) |
| 18:14 | Queue | Villager (Male) |
| 18:14 | Queue | Villager (Male) |
| 18:22 | Queue | Villager (Male) |
| 18:25 | Build | Farm |
| 18:27 | Build | Farm |
| 18:30 | Build | Farm |
| 18:32 | Queue | Villager (Male) |
| 18:36 | Build | House |
| 18:39 | Build | Settlement |
| 18:43 | Research | Wheelbarrow |
| 18:43 | Research | Loom |
| 18:52 | Build | House |
| 18:53 | Build | House |
| 18:54 | Build | House |
| 18:55 | Queue | Villager (Male) |
| 18:59 | Queue | Villager (Male) |
| 19:11 | Build | Monastery |
| 19:16 | Queue | Villager (Male) |
| 19:23 | Queue | Villager (Male) |
| 19:29 | Queue | Villager (Male) |
| 19:47 | Queue | Villager (Male) |
| 19:48 | Queue | Villager (Male) |
| 19:54 | Queue | Villager (Male) |
| 19:56 | Queue | Villager (Male) |
| 20:14 | Build | Town Center |
| 20:14 | Queue | Villager (Male) |
| 20:17 | Build | House |
| 20:19 | Queue | Villager (Male) |
| 20:27 | Queue | Monk |
| 20:44 | Queue | Villager (Male) |
| 20:45 | Queue | Villager (Male) |
| 20:50 | Queue | Villager (Male) |
| 21:00 | Queue | Villager (Male) |
| 21:03 | Build | House |
| 21:04 | Build | House |
| 21:05 | Build | House |
| 21:08 | Build | House |
| 21:09 | Build | House |
| 21:11 | Build | House |
| 21:13 | Build | House |
| 21:15 | Build | House |
| 21:17 | Queue | Villager (Male) |
| 21:17 | Queue | Villager (Male) |
| 21:18 | Queue | Villager (Male) |
| 21:18 | Queue | Villager (Male) |
| 21:27 | Queue | Skirmisher |
| 21:27 | Queue | Skirmisher |
| 21:27 | Queue | Skirmisher |
| 21:28 | Queue | Skirmisher |
| 21:34 | Queue | Villager (Male) |
| 21:37 | Queue | Monk |
| 21:52 | Queue | Villager (Male) |
| 21:53 | Queue | Villager (Male) |
| 21:57 | Queue | Villager (Male) |
| 22:02 | Research | Gold Mining |
| 22:21 | Queue | Villager (Male) |
| 22:25 | Queue | Villager (Male) |
| 22:28 | Queue | Villager (Male) |
| 22:29 | Queue | Villager (Male) |
| 22:37 | Build | Farm |
| 22:37 | Build | Farm |
| 22:38 | Build | Farm |
| 22:38 | Build | Farm |
| 22:38 | Build | Farm |
| 22:39 | Build | Farm |
| 22:39 | Build | Farm |
| 22:39 | Build | Farm |
| 22:39 | Build | Farm |
| 22:48 | Queue | Villager (Male) |
| 22:56 | Queue | Villager (Male) |
| 23:19 | Queue | Villager (Male) |
| 23:27 | Queue | Villager (Male) |
| 23:34 | Queue | Villager (Male) |
| 23:35 | Queue | Villager (Male) |
| 23:35 | Queue | Villager (Male) |
| 23:36 | Queue | Villager (Male) |
Match timeline
| 10:32 | random_aoe_user · age_up feudal |
| 10:57 | birdie196 · age_up feudal |
| 11:52 | birdie196 · wall_segment Palisade Wall x1 |
| 14:07 | random_aoe_user · age_up castle |
| 15:11 | birdie196 · age_up castle |
| 16:29 | random_aoe_user · first_market_buy 100 stone |
| 19:11 | birdie196 · first_building Monastery |
| 20:26 | birdie196 · first_market_sell 100 wood |
| 20:26 | random_aoe_user · first_building Monastery |
| 24:42 | random_aoe_user · first_market_sell 100 wood |
| 24:54 | birdie196 · first_market_buy 100 food |
| 25:09 | random_aoe_user · first_building Barracks |
| 25:14 | birdie196 · first_building Castle |
| 25:28 | random_aoe_user · first_building Siege Workshop |
| 26:05 | random_aoe_user · first_building Stable |
| 26:53 | random_aoe_user · first_building Castle |
| 27:21 | birdie196 · first_building Barracks |
| 28:09 | random_aoe_user · age_up imperial |
| 29:14 | birdie196 · first_building Siege Workshop |
| 30:06 | birdie196 · age_up imperial |
| 31:50 | birdie196 · first_building Archery Range |
| 41:37 | random_aoe_user · resign |
[ AI ANALYSIS · 1 CREDIT ]
What really happened in this match?
Wolo.gg analyzes every decision: build order, eco, micro, common mistakes by bracket. Personalized analysis on WhatsApp or Discord in 30 seconds.
Civ guide
Mongols
Perfil
Jugador #2799159